 Dungeon Sprint DCSS version 0.28.0-43-g3370ac3207 (webtiles) character file.

Game seed: 1612504964749417418

1274 boopmooplesden the Cleaver (level 8, -3/132 HPs)
             Began as a Minotaur Berserker on Mar 18, 2022.
             Was an Elder of Trog.
             Slain by a centaur warrior (4 damage)
             ... in the Dungeon (Sprint I: "Red Sonja").
             The game lasted 00:01:13 (828 turns).

boopmooplesden the Cleaver (Minotaur Berserker)      Turns: 828, Time: 00:01:13

Health: -3/132     AC:  4    Str: 22    XL:     8   Next: 28%
Magic:  7/7        EV: 14    Int:  4    God:    Trog [****..]
Gold:   405        SH:  0    Dex: 12    Spells: 7/7 levels left

rFire   . . .      SeeInvis .   j - +6 club (spect)
rCold   . . .      Faith    .   (no shield)
rNeg    . . .      Spirit   .   k - +0 leather armour
rPois   .          Reflect  .   (helmet restricted)
rElec   .          Harm     .   (no cloak)
rCorr   .          Rampage  .   (no gloves)
Will    .....      NoTele   +   (no boots)
Stlth   ..........              (no amulet)
HPRegen 0.32/turn               (no ring)
MPRegen 0.10/turn               (no ring)

@: berserking, very quick
A: horns 2, retaliatory headbutt
a: Renounce Religion, Berserk, Trog's Hand, Brothers in Arms


You were in the Dungeon.
You worshipped Trog.
Trog was greatly pleased with you.
You visited 1 branch You collected 405 gold pieces.

Inventory:

Hand Weapons
 a - a +0 hand axe
 j - a +6 spectral club (weapon)
Armour
 b - a +0 animal skin
 k - a +0 leather armour (worn)
Wands
 i - a wand of paralysis (7)
Scrolls
 h - a scroll of blinking
 l - a scroll of identify {unknown}
Potions
 c - a potion of curing
 d - a potion of heal wounds
 e - a potion of haste
 f - 2 potions of magic
 g - a potion of berserk rage


   Skills:
 + Level 13.7 Fighting
 + Level 14.1(14.2) Axes
 + Level 3.1(9.7) Maces & Flails
 + Level 7.5 Armour
 + Level 7.1 Dodging


You had 7 spell levels left.
You didn't know any spells.
Your spell library was empty.

Dungeon Overview and Level Annotations

Branches:
Dungeon (1/1)

Altars:
Cheibriados
Dithmenos
Elyvilon
Fedhas
Gozag
Hepliaklqana
Kikubaaqudgha
Makhleb
Nemelex Xobeh
Okawaru
Qazlal
Ru
Sif Muna
Trog
Uskayaw
Vehumet
Wu Jian
Xom
Yredelemnul
Zin
The Shining One
Jiyva
Lugonu

Shops:
D (


Innate Abilities, Weirdness & Mutations

You have a pair of horns on your head.
You reflexively headbutt those who attack you in melee.


Message History

You kill the yak!
Trog accepts your kill.
You can now call in reinforcements.
Your Axes skill increases to level 14!
Your base Maces & Flails skill increases to level 3!
Your Dodging skill increases to level 7!
You swap places.
Found seven altars.
There is an open door, spattered with blood here.
Found a sparkling altar of Nemelex Xobeh.
There is an entrance to Worghi's Antique Weapon Emporium here.
There is an open door, spattered with blood here.
You start resting.
HP restored.
There is a shimmering blue altar of Sif Muna here.
You open the door.
A centaur warrior comes into view.
The centaur warrior moves out of view.
A centaur warrior comes into view.
The centaur warrior moves out of view.
There is an open door here.
You enter the shallow water.
Moving in this stuff is going to be slow.
Found 6 gold pieces and a shiny orb.
The centaur warrior shouts!
The centaur warrior wields a +0 longbow.
The centaur warrior shoots an arrow.
The arrow hits you!!
The centaur warrior wields a +0 shortbow.
The centaur warrior shoots an arrow.
The arrow barely misses you.
The centaur warrior shoots an arrow.
The arrow closely misses you.
The centaur warrior shoots an arrow.
The arrow hits you!!
The centaur warrior shoots an arrow.
The arrow hits you!!
A red film seems to cover your vision as you go berserk!
You feel yourself moving faster!
You feel mighty!
The centaur warrior shoots an arrow.
The arrow hits you!
* * * LOW HITPOINT WARNING * * *
The centaur warrior shoots an arrow.
The arrow hits you!!
* * * LOW HITPOINT WARNING * * *
You feel a strong urge to attack something.
The centaur warrior unwields a +0 shortbow.
The centaur warrior closely misses you. The centaur warrior kicks you.
You die...

#######################
#..').#..'..#__#..)...#
'..#..').#..'..'..#..§#
#####'#####'#__####...+
####..#...#.####§§#####
#__####..##(#≈≈§§c#
#_____##'#_.'≈≈§§§+
#_.∩...'..._#≈§§@c#
#_..__##_.#'##+####
#_____###+#)# #######
###


You could see 2 centaur warriors.

Vanquished Creatures
  2 kobold demonologists (D)
  A slime creature (D)
  Sigmund (D)
  A yak (D)
  A floating eye (D)
  An ogre (D)
  A jelly (D)
  Ijyb (D)
9 creatures vanquished.

Notes
Turn   | Place    | Note
-------+----------+-------------------------------------------
     0 | D        | boopmooplesden the Minotaur Berserker began the quest for
                  | the Orb.
     0 | D        | Reached XP level 1. HP: 19/19 MP: 0/0
     3 | D        | Noticed Ijyb
     9 | D        | Killed Ijyb
    10 | D        | Reached skill level 5 in Fighting
    10 | D        | Reached skill level 5 in Axes
    10 | D        | Reached XP level 2. HP: 10/29 MP: 1/1
   447 | D        | Noticed an ogre
   449 | D        | Killed an ogre
   450 | D        | Reached skill level 7 in Axes
   450 | D        | Reached XP level 3. HP: 39/39 MP: 2/2
   450 | D        | Reached XP level 4. HP: 47/47 MP: 3/3
   586 | D        | Noticed Sigmund
   589 | D        | Killed Sigmund
   589 | D        | Reached ** piety under Trog
   590 | D        | Reached skill level 10 in Axes
   590 | D        | Reached skill level 5 in Armour
   590 | D        | Reached XP level 5. HP: 58/58 MP: 4/4
   590 | D        | Reached XP level 6. HP: 66/66 MP: 5/5
   612 | D        | Found a burning altar of Makhleb.
   612 | D        | Found a viscous altar of Jiyva.
   612 | D        | Found a shimmering altar of Xom.
   612 | D        | Found a corrupted altar of Lugonu.
   612 | D        | Noticed a slime creature
   616 | D        | Killed a slime creature
   617 | D        | Reached skill level 11 in Axes
   617 | D        | Reached skill level 5 in Dodging
   692 | D        | Noticed a kobold demonologist
   692 | D        | Noticed a floating eye
   692 | D        | Noticed a kobold demonologist
   693 | D        | Paralysed by a floating eye for 3 turns
   696 | D        | Killed a floating eye
   697 | D        | Reached skill level 12 in Axes
   697 | D        | Reached skill level 1 in Maces & Flails
   697 | D        | Reached XP level 7. HP: 75/75 MP: 6/6
   700 | D        | Killed a kobold demonologist
   700 | D        | Reached *** piety under Trog
   701 | D        | Reached skill level 13 in Axes
   706 | D        | Killed a kobold demonologist
   707 | D        | Reached XP level 8. HP: 86/86 MP: 7/7
   715 | D        | Found an ornate altar of the Wu Jian Council.
   715 | D        | Found a shimmering blue altar of Sif Muna.
   717 | D        | Found a radiant altar of Vehumet.
   745 | D        | Found Worghi's Antique Weapon Emporium.
   745 | D        | Found an ancient bone altar of Kikubaaqudgha.
   745 | D        | Found a hazy altar of Hepliaklqana.
   745 | D        | Found a hide-covered altar of Uskayaw.
   745 | D        | Found a basalt altar of Yredelemnul.
   745 | D        | Found an opulent altar of Gozag.
   745 | D        | Found a snail-covered altar of Cheibriados.
   745 | D        | Found a sacrificial altar of Ru.
   745 | D        | Found a shadowy altar of Dithmenos.
   749 | D        | Reached **** piety under Trog
   750 | D        | Reached skill level 14 in Axes
   750 | D        | Found a stormy altar of Qazlal.
   750 | D        | Found a blossoming altar of Fedhas.
   750 | D        | Found a bloodstained altar of Trog.
   750 | D        | Found an iron altar of Okawaru.
   750 | D        | Found a glowing golden altar of the Shining One.
   750 | D        | Found a glowing silver altar of Zin.
   750 | D        | Found a white marble altar of Elyvilon.
   751 | D        | Found a sparkling altar of Nemelex Xobeh.
   822 | D        | Noticed a centaur warrior
   823 | D        | Noticed a centaur warrior
   827 | D        | HP: 1/132 [centaur warrior/arrow (31)]
   828 | D        | Slain by a centaur warrior

Illustrated notes

Levels and vault maps discovered:
D:        dungeon_sprint_1 [red_sonja_temple_1, red_sonja_temple_small_1]

Skill      XL: |  1  2  3  4  5  6  7  8 |
---------------+-------------------------+-----
Fighting       | 5 7 9 11 13 | 13.7
Axes           | 5 7 10 12 13 14 | 14.1
Armour         | 3 4 5 6 7 |  7.5
Dodging        | 3 4 5 6 7 |  7.1
Maces & Flails | 1 2 3 |  3.1

Action                   |  1- 3 |  4- 6 |  7- 9 || total
-------------------------+-------+-------+-------++-------
Melee: Hand axe          |     5 |       |       ||     5
       Club              |     2 |     6 |    15 ||    23
       Headbutt          |     1 |     3 |     6 ||    10
Invok: Berserk           |     2 |     2 |     1 ||     5
Armor: Leather armour    |       |       |     2 ||     2
Dodge: Dodged            |     2 |     2 |     5 ||     9
